 Dungeon Crawl Stone Soup version 0.29.1-1-gd02db6906a (webtiles) character file.

Game seed: 4806773482085491391

224 Aibolit the Trooper (level 6, -1/55 HPs)
             Began as a Hill Orc Fighter on Oct 8, 2022.
             Succumbed to their own poison gas
             ... on level 4 of the Dungeon.
             The game lasted 00:10:10 (3615 turns).

Aibolit the Trooper (Hill Orc Fighter)              Turns: 3615, Time: 00:10:10

Health: -1/55      AC: 10    Str: 21    XL:     6   Next: 0%
Magic:  6/6        EV:  9    Int:  8    God:
Gold:   152        SH:  5    Dex: 16    Spells: 3/5 levels left

rFire   . . .      SeeInvis .   m - +0 short sword (freeze)
rCold   . . .      Faith    .   c - +0 buckler
rNeg    . . .      Spirit   .   b - +0 scale mail
rPois   .          Reflect  .   o - +0 helmet
rElec   .          Harm     .   t - +0 cloak
rCorr   .          Rampage  .   f - +0 pair of gloves
Will    .....                   (no boots)
Stlth   ..........              (no amulet)
HPRegen 0.18/turn               g - +6 ring of dexterity
MPRegen 0.10/turn               (no ring)

@: lethally poisoned (-1 -> -59)
A: no striking features
a: no special abilities


You were on level 4 of the Dungeon.
You visited 1 branch of the dungeon, and saw 4 of its levels.

You collected 152 gold pieces.

Inventory:

Hand Weapons
 m - a +0 short sword of freezing (weapon)
Armour
 b - a +0 scale mail (worn)
 c - a +0 buckler (worn)
 f - a +0 pair of gloves (worn)
 o - a +0 helmet (worn)
 t - a +0 cloak (worn)
Jewellery
 g - a +6 ring of dexterity (left hand)
 p - a +6 ring of dexterity
Scrolls
 a - a scroll of poison
 j - 4 scrolls of identify
 k - a scroll of blinking
 n - a scroll of magic mapping {unknown}
 r - a scroll of immolation {unknown}
 s - a scroll of fear {unknown}
Potions
 d - a potion of might
 e - a potion of magic {unknown}
 h - 3 potions of lignification {unknown}
 i - 3 potions of curing {unknown}
 l - a potion of resistance {unknown}
 q - a potion of attraction {unknown}
 u - 2 potions of haste {unknown}


   Skills:
 + Level 4.8 Fighting
 + Level 1.5 Short Blades
 - Level 3.7 Axes
 + Level 4.5 Armour
 + Level 4.4 Shields
 + Level 0.9 Hexes


You had 3 spell levels left.
You knew the following spells:

 Your Spells              Type           Power      Damage    Failure   Level
a - Ensorcelled Hibernat  Hex/Ice        0%         N/A       88%         2

Your spell library contained the following spells:

 Spells                   Type           Power      Damage    Failure   Level
 Passwall                 Tmut/Erth      0%         N/A       92%         2
 Confusing Touch          Hex            1%         N/A       97%         3
 Gell's Gravitas          Tloc           0%         N/A       99%         3
 Lesser Beckoning         Tloc           0%         N/A       99%         3
 Swiftness                Air            0%         N/A       99%         3
 Teleport Other           Tloc           0%         N/A       99%         3
 Yara's Violent Unravell  Hex/Tmut       0%         3d3       100%        5
 Enfeeble                 Hex            0%         N/A       100%        7


Dungeon Overview and Level Annotations

Branches:
Dungeon (4/15)             Temple (0/1) D:4

Altars:

Shops:
D:2 (

Annotations:
D:3 2 transporters, Aibolit's ghost, amateur HuFi
D:4 Dowan; Duvessa


Message History

Found a scroll of identify.
j - 4 scrolls of identify (gained 1)
You now have 152 gold pieces (gained 10).
u - 2 inky potions (gained 1)
There are no items here.
You see here a +0 dagger.
Found a scale mail.
Found a stone staircase leading up.
Found a rapier.
Dowan, Brother of Duvessa comes into view.
He is wielding a +0 dagger and carrying a wand of quicksilver (10).
Dowan gestures at something while chanting.
Duvessa, Sister of Dowan comes into view.
She is wielding a +0 short sword.
Dowan is nearby!
Okay, then.
Unknown command.
The air fills with toxic fumes!
As you read the scroll of poison, it crumbles to dust.
Unknown command.
You start waiting.
Dowan is nearby!
No reachable target in view!
Dowan is nearby!
No reachable target in view!
No reachable target in view!
Dowan is nearby!
Really walk into that cloud of poison gas?
You are engulfed in poison gas.
You are poisoned.
You feel very sick.
Dowan zaps a wand.
The bolt of dispelling energy hits you!
You hit Dowan. You freeze Dowan.
Dowan is lightly wounded.
You are engulfed in poison gas.
You are lethally poisoned!
You feel extremely sick. Dowan hits you but does no damage.
You barely miss Dowan.
Dowan is lightly wounded.
You are engulfed in poison gas.
You are more poisoned.
* * * LOW HITPOINT WARNING * * *
You die...

#.........####......>..####.##
#..............[.....☼......##
#####.####..##.....○☼○.......#
#.# ##.......°☼°........# #.#
#..#..)..☼§.......># ######.#
###..#....§○.........### #......#
#..§°.###§########..###. #......#
#.###.°☼.☼# #####..
#.....####.####☼@#### #...
#.<...###..#°○.☼e...# #...
#..........☼§☼○.....##########..)
#.........○°°.○☼☼................
#......#####○°..........e.e......
#......# #☼..°°...##########...
#......# ########## #... #.....##
#... ####### #...


You could see Dowan.

Vanquished Creatures
  Crazy Yiuf (D:3)
  2 iguanas (D:4)
  Terence (D:2)
  3 adders (D:2)
  5 dart slugs
  11 ball pythons
  5 bats
  5 endoplasms
  3 giant cockroaches
  9 goblins
  6 hobgoblins
  10 jackals (D:2)
  4 quokkas
  2 frilled lizards
  3 kobolds
  10 rats
80 creatures vanquished.

Vanquished Creatures (others)
  A fungus (D:3)
1 creature vanquished.

Grand Total: 81 creatures vanquished

Notes
Turn   | Place    | Note
-------+----------+-------------------------------------------
     0 | D:1      | Aibolit the Hill Orc Fighter began the quest for the Orb.
     0 | D:1      | Reached XP level 1. HP: 19/19 MP: 1/1
    88 | D:1      | Reached XP level 2. HP: 27/27 MP: 2/2
   276 | D:1      | Reached XP level 3. HP: 33/33 MP: 3/3
   825 | D:2      | Found Cuinli Hejygh's Weapon Shop.
   825 | D:2      | Noticed Terence
   834 | D:2      | Killed Terence
   835 | D:2      | Reached XP level 4. HP: 33/40 MP: 4/4
  1790 | D:3      | Reached XP level 5. HP: 44/47 MP: 5/5
  1928 | D:3      | Found a transporter.
  1954 | D:3      | Reached skill level 1 in Short Blades
  2123 | D:3      | Found a runed translucent door.
  2124 | D:3      | Noticed Crazy Yiuf
  2268 | D:3      | Learned a level 2 spell: Ensorcelled Hibernation
  2308 | D:3      | Found a transporter.
  2310 | D:3      | Noticed Aibolit's ghost (amateur HuFi)
  2564 | D:3      | Killed Crazy Yiuf
  3354 | D:4      | Found a staircase to the Ecumenical Temple.
  3403 | D:4      | Reached XP level 6. HP: 50/55 MP: 6/6
  3576 | D:4      | Noticed Dowan
  3585 | D:4      | Noticed Duvessa
  3615 | D:4      | Succumbed to their own poison gas

Illustrated notes

Levels and vault maps discovered:
D:1:      minmay_arrival_doors, layout_loops_ring, minmay_tiny_reverse_x
D:2:      layout_basic, serial_shops, shop, uniq_terence
D:3:      layout_loops_cross, gammafunk_ghost_mausoleum, uniq_crazy_yiuf_cottage
D:4:      layout_rooms, lemuel_tele_altar, minmay_temple_entry_from_below_b,
          uniq_duvessa

Skill      XL: |  1  2  3  4  5 |
---------------+----------------+-----
Axes           | 3 |  3.7
Fighting       | 4 |  4.8
Armour         | 4 |  4.5
Shields        | 4 |  4.4
Short Blades   | 1 |  1.5
Hexes          | |  0.9

Action                   |  1- 3 |  4- 6 || total
-------------------------+-------+-------++-------
Melee: War axe           |    82 |     1 ||    83
       Short sword       |       |   240 ||   240
  Use: Scroll            |     1 |     2 ||     3
       Potion            |       |     1 ||     1
Armor: Scale mail        |    46 |    99 ||   145
Dodge: Dodged            |    36 |   106 ||   142
Block: Buckler           |    18 |    56 ||    74
